 Dungeon Crawl Stone Soup version 0.31-a0-255-g9c3d1c461a (webtiles) character file.

Game seed: 13364504899389686273

2202 qw the Skirmisher (level 9, -18/55 HPs)
             Began as a Gargoyle Hexslinger on July 12, 2023.
             Was a Follower of Okawaru.
             Demolished by a shadow (27 damage)
             ... on level 6 of the Dungeon.
             The game lasted 00:02:28 (5280 turns).

qw the Skirmisher (Gargoyle Hexslinger)             Turns: 5280, Time: 00:02:29

Health: -18/55     AC: 18    Str: 16    XL:     9   Next: 34%
Magic:  8/10       EV: 14    Int: 13    God:    Okawaru [*.....]
Gold:   227        SH:  0    Dex: 15    Spells: 9/10 levels left

rFire   . . .        Y - +5 sling (flame)
rCold   . . .        (no shield)
rNeg    + . .        a - +0 ring mail
rPois   inf          (helmet restricted)
rElec   +            f - +2 cloak
rCorr   +            c - +1 pair of gloves
SInv    .            (no boots)
Will    +....        (no amulet)
Stlth   ++           b - ring of resist corrosion
HPRegen 0.29/turn    m - ring of willpower
MPRegen 0.12/turn

%: no passive effects
@: heroic
A: sickness immunity, AC +6, negative energy resistance 1, electricity
resistance, torment resistance 1, petrification resistance, horns 1, strong 1,
subdued magic 1
a: Renounce Religion, Heroism


You were on level 6 of the Dungeon.
You worshipped Okawaru.
Okawaru was aware of your devotion.
You visited 2 branches of the dungeon, and saw 7 of its levels.
You also visited: Sewer and Ossuary.

You collected 462 gold pieces.
You spent 235 gold pieces at shops.


Innate Abilities, Weirdness & Mutations

You are immune to sickness and miasma.
Your stone body is resilient. (AC +6)
You are immune to poison.
You resist negative energy. (rN+)
You are resistant to electric shocks. (rElec)
You are resistant to unholy torment.
You are immune to petrification.
You have a pair of small horns on your head.
Your muscles are strong. (Str +4, Int/Dex -1)
Your spells are a little easier to cast, but a little less powerful.


   Skills:
 - Level 6.2(11.2) Fighting
 + Level 9.9(14.9) Ranged Weapons
 - Level 2.3(7.3) Armour
 - Level 2.6(7.6) Dodging
 - Level 1.0 Spellcasting
 - Level 2.6 Hexes
 + Level 2.6 Invocations


You had 9 spell levels left.
You knew the following spells:

 Your Spells              Type           Power      Damage    Failure   Level
a - Slow                  Hex            20%        N/A       13%         1

Your spell library contained the following spells:

 Spells                   Type           Power      Damage    Failure   Level
 Inner Flame              Hex/Fire       3%         N/A       58%         3
 Portal Projectile        Hex/Tloc       6%         N/A       58%         3
 Cause Fear               Hex            2%         N/A       82%         4

Inventory:

Hand Weapons
 Y - a +5 sling of flaming (weapon)
Armour
 a - a +0 ring mail (worn)
 c - a +1 pair of gloves (worn)
 f - a +2 cloak (worn)
Jewellery
 b - a ring of resist corrosion (left hand)
 m - a ring of willpower (right hand)
Scrolls
 d - 4 scrolls of identify
Potions
 e - a potion of cancellation
 g - a potion of enlightenment
 h - a potion of mutation
 i - 3 potions of curing
 k - a potion of haste
 l - a potion of resistance
 q - a potion of might

Dungeon Overview and Level Annotations

Branches:
Dungeon (6/15)             Temple (1/1) D:6           Sewer (visited)
Ossuary (visited)

Altars:
Ashenzari
Cheibriados
Dithmenos
Elyvilon
Fedhas
Gozag
Hepliaklqana
Kikubaaqudgha
Nemelex Xobeh
Okawaru
Qazlal
Ru
Sif Muna
Trog
Uskayaw
Vehumet
Wu Jian
Zin
The Shining One
Lugonu

Shops:
D:1 :   D:3 *   D:5 ?


Message History

Reactivating autopickup.
5272 ||| INVOKING Heroism.
You gain the combat prowess of a mighty hero.
The shadow hits you.
You shoot a sling bullet. The sling bullet hits the shadow.
The sling bullet burns the shadow.
The shadow is severely damaged.
You shoot a sling bullet.
The sling bullet hits the shadow but does no damage.
The shadow is severely damaged.
The gargoyle barely misses you.
The shadow slips into darkness.
The shadow flickers and vanishes!
Deactivating autopickup; reactivate with Ctrl-A.
You shoot a sling bullet.
The sling bullet hits the gargoyle but does no damage.
The gargoyle hits you with a +2 morningstar of protection.
The shadow strikes at you from the darkness!
Reactivating autopickup.
You shoot a sling bullet.
The sling bullet barely misses the shadow.
The gargoyle misses you. The shadow barely misses you.
You shoot a sling bullet.
The sling bullet completely misses the shadow.
The gargoyle barely misses you. The shadow completely misses you.
You shoot a sling bullet.
The sling bullet hits the shadow but does no damage.
The shadow is severely damaged.
You shoot a sling bullet.
The sling bullet hits the shadow but does no damage.
The shadow is severely damaged.
The gargoyle hits you with a +2 morningstar of protection!
The shadow slips into darkness.
The shadow flickers and vanishes!
Deactivating autopickup; reactivate with Ctrl-A.
You shoot a sling bullet.
The sling bullet barely misses the gargoyle.
The gargoyle hits you with a +2 morningstar of protection!
The shadow strikes at you from the darkness!
You die...

## # .##. ..# # #9#.#
####@{# #.#.##.# #.##
#############
##.######..........#
#.....##..%.....##.##
####..###.#####.##...
#.## #.# #...... #.#
#.# ######. #.# #.#
#.


You could see a gargoyle.

Vanquished Creatures
  A hornet (D:6)
  A wraith (D:5)
  A sky beast (D:6)
  3 ice beasts
  2 elf zombies (Ossuary)
  Blork the orc (D:6)
  2 gnoll sergeants (D:6)
  3 scorpions
  5 wights (D:6)
  2 howler monkeys
  A crimson imp (D:5)
  3 jellies
  An orc priest (D:3)
  3 hounds
  2 iguanas (D:5)
  An orc wizard (D:3)
  4 mummies (Ossuary)
  7 gnolls (D:6)
  6 adders
  3 river rats (D:3)
  2 white imps
  2 adder zombies (Ossuary)
  2 worms
  A dart slug (D:2)
  7 orcs
  3 bats
  13 endoplasms
  7 giant cockroaches
  8 goblins
  6 hobgoblins
  2 jackals (D:1)
  2 quokkas
  10 ball pythons
  6 frilled lizards
  A hobgoblin zombie (Ossuary)
  3 jackal zombies (Ossuary)
  8 kobolds
  3 kobold zombies (Ossuary)
  An orc zombie (Ossuary)
  12 rats
151 creatures vanquished.

Notes
Turn   | Place    | Note
-------+----------+-------------------------------------------
     0 | D:1      | qw the Gargoyle Hexslinger began the quest for the Orb.
     0 | D:1      | Reached XP level 1. HP: 12/12 MP: 2/2
     0 | D:1      | 0 ||| qw: Version: 0.3-a-52-g30416fa
     0 | D:1      | 0 ||| qw: Game counter: 6696
     0 | D:1      | 0 ||| qw: Melee chars always use a shield: true
     0 | D:1      | 0 ||| qw: God list: Okawaru
     0 | D:1      | 0 ||| qw: Allow faded altars: false
     0 | D:1      | 0 ||| qw: Do Orc after clearing Dungeon:15 true
     0 | D:1      | 0 ||| qw: Do second Lair branch before Depths: true
     0 | D:1      | 0 ||| qw: Lair rune preference: random
     0 | D:1      | 0 ||| qw: Goals: Normal
     0 | D:1      | 0 ||| PLANNING D:1-11
    84 | D:1      | Reached XP level 2. HP: 16/16 MP: 3/3
   217 | D:1      | Reached skill level 3 in Ranged Weapons
   325 | D:1      | Found Lojewagu's Book Boutique.
   470 | D:1      | Reached XP level 3. HP: 20/21 MP: 4/4
   611 | D:1      | 611 ||| READING scroll labelled TEROUL CONO.
   612 | D:1      | 612 ||| READING 2 scrolls labelled HEK BEALIATT.
   613 | D:1      | 613 ||| READING scroll of enchant weapon.
   613 | D:1      | 613 ||| ENCHANTING +2 sling.
   614 | D:1      | 614 ||| DROPPING scroll of poison.
   818 | D:2      | 818 ||| FLEEEEING.
  1205 | D:2      | Reached XP level 4. HP: 26/26 MP: 5/5
  1306 | D:2      | 1306 ||| UPGRADING to +0 ring mail.
  1316 | D:2      | 1316 ||| DROPPING +0 robe.
  1317 | D:2      | 1317 ||| READING scroll labelled PUUQIN FANIDIR.
  1335 | D:3      | 1335 ||| PLANNING SEWER
  1345 | D:3      | Found a snail-covered altar of Cheibriados.
  1441 | D:3      | Found Xiekeom's Assorted Antiques.
  1449 | D:3      | 1449 ||| BUYING pair of gloves (76 gold).
  1449 | D:3      | Bought a pair of gloves for 76 gold pieces
  1449 | D:3      | 1449 ||| SHOPLISTING scroll of enchant weapon (127 gold,
                  | have 81).
  1479 | D:3      | Reached skill level 4 in Ranged Weapons
  1554 | D:3      | Reached skill level 1 in Armour
  1567 | D:3      | HP: 2/26 [river rat (5)]
  1569 | D:3      | Reached XP level 5. HP: 3/30 MP: 6/6
  1689 | D:3      | Found a glowing drain.
  1690 | D:3      | 1690 ||| UPGRADING to +0 pair of gloves.
  1695 | D:3      | 1695 ||| UPGRADING to +2 cloak.
  1700 | D:3      | 1700 ||| UPGRADING to ring of resist corrosion.
  1701 | D:3      | 1701 ||| READING scroll labelled HEPPICHITI.
  1702 | D:3      | 1702 ||| DRINKING 2 puce potions.
  1703 | D:3      | 1703 ||| DROPPING potion of brilliance.
  1713 | Sewer    | Entered a sewer
  1862 | Sewer    | 1862 ||| Stepping ~*~*~tactically~*~*~ (water).
  1870 | Sewer    | Reached skill level 5 in Ranged Weapons
  1870 | Sewer    | Found a viscous altar of Jiyva.
  1883 | Sewer    | 1883 ||| Stepping ~*~*~tactically~*~*~ (water).
  1916 | Sewer    | 1916 ||| Stepping ~*~*~tactically~*~*~ (water).
  1956 | Sewer    | 1956 ||| READING scroll labelled QUSMEA ECITE.
  1957 | Sewer    | 1957 ||| READING scroll labelled NOER WACVU.
  1958 | Sewer    | 1958 ||| DRINKING 2 metallic grey potions.
  1959 | Sewer    | 1959 ||| DRINKING 2 clear potions.
  1959 | Sewer    | Gained mutation: You have a pair of small horns on your
                  | head. [potion of mutation]
  1959 | Sewer    | Gained mutation: Your spells are a little easier to cast,
                  | but a little less powerful. [potion of mutation]
  1959 | Sewer    | Gained mutation: Your muscles are strong. (Str +4, Int/Dex
                  | -1) [potion of mutation]
  1960 | Sewer    | 1960 ||| DROPPING potion of invisibility.
  1976 | D:3      | 1976 ||| PLANNING D:1-11
  2447 | D:3      | Reached skill level 3 in Fighting
  2447 | D:3      | Reached XP level 6. HP: 23/37 MP: 7/7
  2535 | D:3      | 2535 ||| READING scroll labelled MYTTITODEK.
  2539 | D:3      | 2539 ||| DRINKING 2 brown potions.
  2540 | D:3      | 2540 ||| READING 3 scrolls of identify.
  2540 | D:3      | 2540 ||| IDENTIFYING sedimented pink potion
  2541 | D:3      | 2541 ||| READING 2 scrolls of identify.
  2541 | D:3      | 2541 ||| IDENTIFYING bubbling ruby potion
  2729 | D:4      | 2729 ||| READING scroll of enchant weapon.
  2729 | D:4      | 2729 ||| ENCHANTING +3 sling of flaming.
  2876 | D:4      | 2876 ||| UPGRADING to ring of willpower.
  2877 | D:4      | 2877 ||| READING 2 scrolls of identify.
  2877 | D:4      | 2877 ||| IDENTIFYING black potion
  2883 | D:5      | Entered Level 5 of the Dungeon
  2884 | D:5      | 2884 ||| PLANNING OSSUARY
  2898 | D:5      | Reached skill level 6 in Ranged Weapons
  2958 | D:5      | Found a radiant altar of Vehumet.
  2959 | D:5      | Found a hide-covered altar of Uskayaw.
  2959 | D:5      | Found a shimmering blue altar of Sif Muna.
  2960 | D:5      | Found a broken altar of Ashenzari.
  2961 | D:5      | Found a white marble altar of Elyvilon.
  2961 | D:5      | Found a blossoming altar of Fedhas.
  2962 | D:5      | Found a sacrificial altar of Ru.
  2963 | D:5      | Found an opulent altar of Gozag.
  2963 | D:5      | Found a hazy altar of Hepliaklqana.
  2975 | D:5      | Found a stormy altar of Qazlal.
  2975 | D:5      | Noticed an ice beast
  2984 | D:5      | Killed an ice beast
  2985 | D:5      | Reached XP level 7. HP: 43/43 MP: 8/8
  3373 | D:5      | Found a glowing silver altar of Zin.
  3474 | D:5      | Found Koam's Magic Scroll Shop.
  3481 | D:5      | 3481 ||| SHOPLISTING 2 scrolls of acquirement (1144 gold,
                  | have 236).
  3481 | D:5      | 3481 ||| BUYING scroll of enchant armour (82 gold).
  3481 | D:5      | Bought a scroll of enchant armour for 82 gold pieces
  3481 | D:5      | 3481 ||| BUYING scroll of identify (22 gold).
  3481 | D:5      | Bought a scroll of identify for 22 gold pieces
  3481 | D:5      | 3481 ||| BUYING scroll of identify (22 gold).
  3481 | D:5      | Bought a scroll of identify for 22 gold pieces
  3481 | D:5      | 3481 ||| BUYING scroll of teleportation (33 gold).
  3481 | D:5      | Bought a scroll of teleportation for 33 gold pieces
  3481 | D:5      | 3481 ||| READING scroll of enchant armour.
  3481 | D:5      | 3481 ||| ENCHANTING +0 pair of gloves.
  3550 | D:5      | Found a sand-covered staircase.
  3551 | D:5      | 3551 ||| READING 5 scrolls of identify.
  3551 | D:5      | 3551 ||| IDENTIFYING fuming inky potion
  3552 | D:5      | 3552 ||| READING 4 scrolls of identify.
  3552 | D:5      | 3552 ||| IDENTIFYING murky dark potion
  3553 | D:5      | 3553 ||| READING 3 scrolls of identify.
  3553 | D:5      | 3553 ||| IDENTIFYING inky potion
  3554 | D:5      | 3554 ||| DROPPING potion of magic.
  3563 | Ossuary  | Entered an ossuary
  3586 | Ossuary  | Reached skill level 7 in Ranged Weapons
  3853 | Ossuary  | 3853 ||| READING 2 scrolls labelled JIFACY MIADIDI.
  3854 | Ossuary  | 3854 ||| DRINKING 2 bubbling dark potions.
  3855 | Ossuary  | 3855 ||| READING 5 scrolls of identify.
  3855 | Ossuary  | 3855 ||| IDENTIFYING pink potion
  3856 | Ossuary  | 3856 ||| DROPPING scroll of butterflies.
  3857 | Ossuary  | 3857 ||| DROPPING potion of attraction.
  3873 | D:5      | 3873 ||| PLANNING D:1-11
  3894 | D:5      | Reached XP level 8. HP: 44/48 MP: 9/9
  3981 | D:6      | Noticed Blork the orc
  3988 | D:6      | 3988 ||| STAIRDANCE
  4027 | D:6      | Killed Blork the orc
  4028 | D:6      | Reached skill level 8 in Ranged Weapons
  4031 | D:6      | 4031 ||| STAIRDANCE
  4246 | D:6      | 4246 ||| Stepping ~*~*~tactically~*~*~ (outnumbered).
  4253 | D:6      | Reached skill level 9 in Ranged Weapons
  4314 | D:6      | Noticed a wraith
  4340 | D:6      | HP: 10/49 [wraith (8)]
  4341 | D:6      | 4341 ||| READING scroll of teleportation.
  4342 | D:6      | 4342 ||| DRINKING 2 potions of heal wounds.
  4343 | D:6      | 4343 ||| DRINKING potion of heal wounds.
  4404 | D:6      | Found a staircase to the Ecumenical Temple.
  4405 | D:6      | 4405 ||| PLANNING TEMPLE
  4405 | D:6      | 4405 ||| READING 5 scrolls of identify.
  4405 | D:6      | 4405 ||| IDENTIFYING fuming sapphire potion
  4406 | D:6      | 4406 ||| DROPPING potion of lignification.
  4426 | Temple   | Entered the Ecumenical Temple
  4434 | Temple   | 4434 ||| PLANNING OKAWARU WORSHIP
  4472 | Temple   | Became a worshipper of Warmaster Okawaru
  4473 | Temple   | 4473 ||| PLANNING D:1-11
  4488 | D:6      | Noticed a hornet
  4498 | D:6      | HP: 12/49 [hornet (8)]
  4505 | D:6      | Killed a hornet
  4506 | D:6      | Reached skill level 6 in Fighting
  4506 | D:6      | Reached XP level 9. HP: 9/55 MP: 10/10
  4507 | D:6      | 4507 ||| FLEEEEING.
  4508 | D:6      | 4508 ||| FLEEEEING.
  4509 | D:6      | 4509 ||| FLEEEEING.
  4542 | D:6      | 4542 ||| FLEEEEING.
  4543 | D:6      | 4543 ||| FLEEEEING.
  4544 | D:6      | 4544 ||| FLEEEEING.
  4547 | D:6      | 4547 ||| FLEEEEING.
  4548 | D:6      | 4548 ||| FLEEEEING.
  4549 | D:6      | 4549 ||| FLEEEEING.
  4550 | D:6      | 4550 ||| FLEEEEING.
  4551 | D:6      | 4551 ||| FLEEEEING.
  4552 | D:6      | 4552 ||| FLEEEEING.
  4553 | D:6      | 4553 ||| FLEEEEING.
  4554 | D:6      | 4554 ||| STAIRDANCE
  4665 | D:6      | 4665 ||| STAIRDANCE
  4686 | D:5      | Reached * piety under Okawaru
  4819 | D:6      | Reached skill level 1 in Invocations
  4836 | D:6      | 4836 ||| READING scroll of enchant weapon.
  4836 | D:6      | 4836 ||| ENCHANTING +4 sling of flaming.
  4945 | D:6      | 4945 ||| INVOKING Heroism.
  5270 | D:6      | Noticed a gargoyle
  5272 | D:6      | 5272 ||| INVOKING Heroism.
  5280 | D:6      | HP: 9/55 [gargoyle/+2 morningstar of protection (8)]
  5280 | D:6      | Demolished by a shadow

Levels and vault maps discovered:
D:1:      lightli_arrival_statue_moat, layout_rooms, serial_shops,
          nicolae_shop_gibbet_a_chance, amcnicky_mini_rare_corridor_liquid,
          minmay_tromino_v4_a
D:2:      layout_basic
D:3:      layout_loops_ring, mainiacjoe_overflow_concentric_impassable,
          portal_sewer_entry_b, serial_shops, shop, corner_web_ring,
          moated_statue, kennysheep_nondescript, kennysheep_orc_chapel
D:4:      layout_rooms, small_statue_intersection
D:5:      layout_loops_ring, mainiacjoe_overflow_boulevard,
          nicolae_overflows_in_rows, serial_shops, shop,
          chequers_ossuary_entry_cave, minmay_fire_ice_demons
D:6:      minmay_cornered_nines, layout_loops_ring, temple_pool_b,
          nicolae_figureground_sparkle, uniq_blork_the_orc
Temple:   corrupted_temple

Skill      XL: |  1  2  3  4  5  6  7  8  9 |
---------------+----------------------------+-----
Ranged Weapons | 3 4 5 6 7 9 |  9.9
Fighting       | 2 3 4 6 |  6.2
Armour         | 1 2 |  2.3
Dodging        | 2 |  2.6
Invocations    | 2 |  2.6
Spellcasting   | |  1.0
Hexes          | |  2.6

Action                     |  1- 3 |  4- 6 |  7- 9 || total
---------------------------+-------+-------+-------++-------
   Fire: Sling             |   103 |   169 |   300 ||   572
 Invoke: Heroism           |       |       |     2 ||     2
    Use: Scroll            |     3 |     9 |     9 ||    21
         Potion            |       |     4 |     3 ||     7
 Armour: Robe              |    15 |       |       ||    15
         Ring mail         |       |    37 |   241 ||   278
  Dodge: Dodged            |    25 |    43 |   265 ||   333

Table legend:
 A = Non-vault XP
 B = Vault XP
 C = Vault XP percentage of total XP
 D = Non-vault monster count
 E = Vault monster count
 F = Vault count percentage of total count
                 A         B        C        D         E       F
            +---------+---------+-------+---------+---------+-------
      Total |    2227 |     919 |  29.2 |      92 |      59 |  39.1
            +---------+---------+-------+---------+---------+-------
        D:1 |      33 |       4 |  10.8 |      19 |       3 |  13.6
        D:2 |      45 |       0 |   0.0 |      16 |       0 |   0.0
        D:3 |      43 |     131 |  75.3 |      11 |      12 |  52.2
        D:4 |      33 |       0 |   0.0 |      11 |       0 |   0.0
        D:5 |     657 |     278 |  29.7 |      12 |       3 |  20.0
        D:6 |    1416 |      94 |   6.2 |      23 |       1 |   4.2
      Sewer |       0 |     125 | 100.0 |       0 |      24 | 100.0
    Ossuary |       0 |     287 | 100.0 |       0 |      16 | 100.0
            +---------+---------+-------+---------+---------+-------
